 Dungeon Crawl Stone Soup version 0.32-a0-705-g60f233581c (webtiles) character file.

Game seed: 6313965641449387754

1881615 MagicSucks the Ex Machina (level 27, 357/357 HPs)
             Began as a Coglin Berserker on Mar 14, 2024.
             Was a High Priest of Trog.
             Escaped with the Orb
             ... and 3 runes!
             The game lasted 01:43:02 (56727 turns).

MagicSucks the Ex Machina (Coglin Berserker)       Turns: 56727, Time: 01:43:02

Health: 357/357    AC: 47    Str: 32    XL:     27
Magic:  4/7        EV: 19    Int:  9    God:    Trog [*****.]
Gold:   5704       SH:  0    Dex: 21    Spells: 26/26 levels left

rFire   + + +        d - +9 broad axe "Curaed" {freeze, rF+ Will++ Int+3}
rCold   + + .        W - +9 broad axe (antimagic) {Ermengarde}
rNeg    . . .        K - +8 gold dragon scales
rPois   +            A - +1 helmet of Circular Logic {+Inv}
rElec   .            t - +4 dragonskin cloak {Aegis}
rCorr   .            V - +0 pair of gloves of Ucvois {rC+}
SInv    .            q - +1 pair of boots of Zin's Grace {Regen+ Str+2 Dex+3}
Will    ++++.        (amulet unavailable) Stlth
                     (ring unavailable)
HPRegen 1.59/turn    (ring unavailable)
MPRegen 0.10/turn    O - articulated megaencabulator {RevParry, rF+ Slay+3}

%: no passive effects
@: berserking, studying Unarmed Combat, very quick
A: off-hand wielding, slow wielding, warmup strikes, no jewellery, thin skeletal
structure 1, MP-powered wands
0: Orb of Zot
}: 3/15 runes: decaying, serpentine, abyssal
a: Renounce Religion, Evoke Invisibility, Berserk, Trog's Hand, Brothers in Arms


You escaped.
You worshipped Trog.
Trog was extremely pleased with you.
You visited 11 branches of the dungeon, and saw 50 of its levels.
You visited the Abyss 1 time.
You also visited: Ossuary, Gauntlet, Ice Cave and Wizlab.

You collected 8174 gold pieces.
You spent 2470 gold pieces at shops.

Inventory:

Hand Weapons
 d - the +9 broad axe "Curaed" (weapon) {freeze, rF+ Will++ Int+3}
   (You acquired it on level 3 of the Lair of Beasts)

   Int+3:     It affects your intelligence (+3).
   rF+:       It protects you from fire.
   Will++:    It greatly increases your willpower.
 N - a +9 broad axe of flaming {Dietrich}
 R - a +3 broad axe of freezing
 W - a +9 antimagic broad axe (offhand) {Ermengarde}
Missiles
 r - 5 throwing nets (quivered)
Armour
 q - the +1 pair of boots of Zin's Grace (worn) {Regen+ Str+2 Dex+3}
   (You found it on level 2 of the Dungeon)

   Str+2:     It affects your strength (+2).
   Dex+3:     It affects your dexterity (+3).
   Regen+:    It increases your rate of health regeneration.
 t - the +4 dragonskin cloak (worn) {Aegis}
   (You took it off Tiamat on level 1 of the Realm of Zot)

   Avatar's Aegis: It grants the wearer a chance to resist fire, cold, poison,
   electricity, acid, and negative energy.
 y - the +3 hat of the First Lives {rC- rN+ Str+2 Int+5}
   (You found it on level 5 of the Lair of Beasts)

   Str+2:     It affects your strength (+2).
   Int+5:     It affects your intelligence (+5).
   rC-:       It makes you vulnerable to cold.
   rN+:       It protects you from negative energy.
 A - the +1 helmet of Circular Logic (worn) {+Inv}
   (You found it in a Gauntlet)

   +Inv:      It lets you turn invisible.
 K - +8 gold dragon scales (worn)
 V - the +0 pair of gloves of Ucvois (worn) {rC+}
   (You found it in an ice cave)

   rC+:       It protects you from cold.
Gizmo
 O - an articulated megaencabulator (installed) {RevParry, rF+ Slay+3}
   (You invented it yourself on level 5 of the Lair of Beasts)

   [articulated megaencabulator]

   RevParry:  Your AC increases as you Rev (up to +5) and while fully Revved,
   your attacks may disarm enemies.
   Slay+3:    It affects your accuracy & damage with ranged weapons and melee
   (+3).
   rF+:       It protects you from fire.
Wands
 f - a wand of polymorph (6)
 s - a wand of iceblast (77)
 v - a wand of flame (64)
 J - a wand of charming (50)
 L - a wand of light (25)
 M - a wand of digging (10)
 Q - a wand of mindburst (53)
Scrolls
 e - 11 scrolls of fear
 j - 26 scrolls of identify
 o - 4 scrolls of fog
 p - 12 scrolls of teleportation
 w - 4 scrolls of vulnerability
 z - 5 scrolls of immolation
 D - 2 scrolls of noise
 F - 3 scrolls of poison
 I - a scroll of silence
 P - 5 scrolls of revelation
 U - 3 scrolls of blinking
 Y - a scroll of torment
Potions
 a - 7 potions of magic
 c - 8 potions of might
 g - 21 potions of curing
 h - 4 potions of invisibility
 k - 9 potions of brilliance
 l - 10 potions of resistance
 m - 8 potions of haste
 n - 2 potions of berserk rage
 u - 6 potions of lignification
 x - 2 potions of attraction
 C - 9 potions of enlightenment
 E - 8 potions of mutation
 H - 3 potions of cancellation
 S - 4 potions of ambrosia
 T - 4 potions of heal wounds
Miscellaneous
 b - a lightning rod (4/4)
 B - a box of beasts
 G - a phantom mirror
 Z - the horn of Geryon


   Skills:
 + Level 24.0 Fighting
 - Level 18.0 Axes
 - Level 13.0 Throwing
 + Level 24.7 Armour
 + Level 20.1 Dodging
 O Level 27 Evocations


You had 26 spell levels left.
You didn't know any spells.
Your spell library was empty.

Dungeon Overview and Level Annotations

Branches:
Dungeon (15/15)            Temple (0/1) D:7            Lair (5/5) D:11
  Swamp (4/4) Lair:2        Snake (4/4) Lair:3        Slime (0/5) Lair:5
    Orc (2/2) D:12            Elf (3/3) Orc:2        Vaults (4/5) D:13
  Crypt (3/3) Vaults:2       Tomb (0/3) Crypt:3      Depths (4/4) D:15
   Hell (visited)             Dis (0/7) Hell            Geh (0/7) Hell
    Coc (0/7) Hell            Tar (0/7) Hell            Zot (5/5) Depths:4
Ossuary (visited)           IceCv (visited)          WizLab (visited)
Gauntlet (visited)

Altars:
Cheibriados
Dithmenos
Gozag
Makhleb
Qazlal
Ru
Sif Muna
Uskayaw
Wu Jian
Xom
Yredelemnul
Zin
Jiyva
Lugonu

Shops:
D:10 *   Orc:2 :[:(   Elf:1 =:   Elf:3 !   Snake:1 =:=   Vaults:2 ?!
Vaults:3 (   Vaults:4 *   Depths:4 =[!!

Portals:
Hell: Depths:1 Depths:2 Depths:3 Depths:4
Abyss: Depths:3 Depths:4
Pandemonium: Depths:1 Depths:2
Ziggurat: Depths:4
Trove: D:15 (give 6 scrolls of fear)

Annotations:
Zot:1 4 transporters
Zot:4 1 runed translucent door, Noulax's ghost, master HuWn


Innate Abilities, Weirdness & Mutations

You can wield a second weapon in your off-hand.
It takes a long time for you to wield or remove held weapons.
Your first few attacks do less damage.
You cannot equip rings or amulets.
You have a somewhat thin skeletal structure. (Dex +2, Stealth+)
You expend magic power (3 MP) to strengthen your wands.


Message History

You hit the large abomination with the +9 broad axe "Curaed".
You freeze the large abomination.
You destroy the large abomination!
Trog accepts your kill.
No target in view!
There is a stone staircase leading up, spattered with blood here.
Things that are here:
a +0 whip; a gnoll skeleton You climb upwards.
There is a stone staircase leading down here.
What level of the Dungeon? (default 1, ? - help)
Okay, then.
Unknown command.
Unknown command.
What level of the Dungeon? (default 1, ? - help)
There is a stone staircase leading up here.
You climb upwards.
There is a stone staircase leading down here.
What level of the Dungeon? (default 1, ? - help)
There is a stone staircase leading up here.
You climb upwards.
There is a stone staircase leading down here.
There is a stone staircase leading up here.
You climb upwards.
There is a stone staircase leading down here.
There is an open door here.
A reaper comes into view. It is wielding a +1 scythe of venom.
There is a stone staircase leading up here.
You climb upwards.
There is a stone staircase leading down here.
Aiming: Dig
Press: ? - help, Shift-Dir - straight line A rock wall.
This square is covered in magical glow.
You feel a surge of power!
The rock shatters into small pieces.
There is a staircase leading out of the dungeon here.
A red film seems to cover your vision as you go berserk!
You feel yourself moving faster!
You feel mighty!
You feel a strong urge to attack something.
You have escaped!

..####...#......#......#.........
..# ##..#......#................
.######........###...............
.##............# #............###
..............## ##...........#
#..##########'#####'###########
#....### ##.....## ###..#
##.....### ##.....## ###....#
##.......####..^@...####......#
...÷................##........#
##...#.....###.....###.....####
##........# ###+### #.....#
###.....## ##.## ##....# #.....#
###...### #....###
#....####.......####.....#
#####....##...........##...#.###
........#...†...........#......#


There were no monsters in sight!

Vanquished Creatures
  Frederick (Depths:4)
  3 dread liches
  2 orbs of fire (Zot:5)
  4 ancient liches
  A juggernaut (Depths:4)
  Mennas (Vaults:2)
  Xtahua (Depths:3)
  Sojobo (Depths:4)
  3 Killer Klowns
  Vv (Crypt:1)
  Saint Roka (Vaults:1)
  Geryon (Hell)
  2 curse toes (Zot:5)
  6 golden dragons
  2 profane servitors
  Jory (Depths:4)
  Norris (Elf:2)
  A Tzitzimitl (WizLab)
  4 bone dragons
  2 electric golems
  A hellephant (Abyss:3)
  3 liches
  23 Orb Guardians
  12 tentacled monstrosities
  Jorgrun (Snake:1)
  3 quicksilver dragons
  3 deep elf blademasters (Elf:3)
  6 searing wretches (Hell)
  5 deep elf master archers (Elf:3)
  9 ancient champions
  The ghost of Nilihum the Evocator, an adept CoAr of Trog (Snake:4)
  An Executioner (Depths:2)
  13 tentacled starspawn
  The ghost of Geiziwus the Bludgeoner, an adept FoAK of Lugonu (Swamp:4)
  2 thorn hunters (Swamp:4)
  The ghost of Nilihum the Warrior, an adept CoGl of Wu Jian (Snake:4)
  10 death cobs
  4 shadow dragons
  6 tengu reavers
  Aizul (Snake:1)
  Donald (Snake:3)
  7 protean progenitors
  13 storm dragons
  A fenstrider witch (Swamp:2)
  4 revenants
  9 draconian monks
  3 fire giants
  7 draconian knights
  5 frost giants
  5 nagarajas
  3 balrugs
  3 caustic shrike zombies
  Louise (D:14)
  9 deep elf sorcerers
  An orc warlord (Vaults:3)
  3 draconian scorchers
  20 vault wardens
  5 draconian shifters
  2 deep elf elementalists (Elf:3)
  17 ghouls
  3 curse skulls
  A ghost moth (Zot:4)
  The ghost of Ducan the Fighter, a journeyman DsBe of Trog (Lair:5)
  8 reapers
  9 draconian annihilators
  2 formless jellyfish (Vaults:1)
  7 ironbound thunderhulks
  5 draconian stormcallers
  A cacodemon (Abyss:3)
  13 very ugly things
  9 stone giants
  10 ironbound preservers
  A spriggan defender (Depths:3)
  11 vampire knights
  9 green draconians
  Nessos (D:14)
  3 deep elf demonologists (Elf:3)
  Azrael (Snake:1)
  8 eleionomae
  2 very ugly things (shapeshifter) (Zot:4)
  14 black draconians
  15 purple draconians
  2 lorocyprocas
  5 deep elf death magi
  8 red draconians
  9 deep elf annihilators
  13 white draconians
  12 bunyips
  3 spark wasps (Depths:3)
  20 yellow draconians
  A minotaur (Gauntlet)
  A bunyip (shapeshifter) (Zot:4)
  5 dire elephants
  10 eidola
  7 ettins
  4 blizzard demons
  5 green deaths
  4 shambling mangroves
  Josephine (D:10)
  5 yaktaur captains
  2 fire dragons (Depths:4)
  A mummy priest (Crypt:3)
  An entropy weaver (Vaults:2)
  8 jiangshi
  Harold (Orc:1)
  A quicksilver dragon zombie (Crypt:3)
  8 ice dragons
  5 rakshasas
  A spectral fenstrider witch (Swamp:4)
  15 vault guards
  33 hydras
  3 salamander tyrants
  5 great orbs of eyes
  2 deep elf high priests (Elf:3)
  A hell beast (Gauntlet)
  A spriggan air mage (Depths:4)
  8 alligators
  14 anacondas
  3 spriggan skeletons
  A caustic shrike simulacrum (IceCv)
  7 centaur warriors
  3 fenstrider witch zombies
  7 ironbound frosthearts
  A catoblepas (Lair:5)
  5 boulder beetles
  4 death knights
  18 dancing weapons
  An alligator snapping turtle (shapeshifter) (Zot:4)
  A ghost crab (Swamp:2)
  2 satyrs (Zot:4)
  A deep troll earth mage (Depths:2)
  6 deep troll shamans
  A stoker (Hell)
  4 titan zombies
  2 two-headed ogres
  3 spriggan berserkers
  2 tengu warriors (Depths:1)
  A demonic crawler (Abyss:3)
  3 vampire magi (Crypt:2)
  Urug (Lair:3)
  2 occultists
  4 orc high priests
  7 thrashing horrors
  18 naga warriors
  8 shock serpents
  7 hell knights (Hell)
  Sonja (Lair:4)
  12 sun demons
  3 shadow wraiths
  15 naga sharpshooters
  A titan skeleton (Crypt:2)
  7 goliath frogs
  10 soul eaters
  6 salamander mystics
  6 skysharks
  17 deep elf knights
  9 wretched stars
  5 sixfirhies
  4 iron trolls
  34 skeletal warriors
  3 spatial maelstroms (Abyss:3)
  10 swamp dragons
  An orange crystal statue (Depths:4)
  An orb spider (Abyss:3)
  An iron giant zombie (Crypt:3)
  3 spriggan druids
  6 glowing orange brains
  3 shadow demons
  A sea snake (shapeshifter) (Elf:1)
  3 anaconda skeletons
  9 flayed ghosts
  11 naga ritualists
  10 bog bodies
  42 deep trolls
  A thermic dynamo (Elf:2)
  18 mana vipers
  A bunyip skeleton (Abyss:2)
  8 deep elf archers
  15 phantasmal warriors
  Pikel (D:8)
  3 lindwurms (Vaults:2)
  2 iron dragon zombies
  10 arcanists
  19 ironbound convokers
  12 orc knights
  4 lightning spires (Zot:3)
  2 obsidian statues
  27 deep elf pyromancers
  26 deep elf zephyrmancers
  9 necromancers
  A wolf spider zombie (Crypt:2)
  3 stone giant zombies
  3 fenstrider witch simulacra
  41 ugly things
  5 harpies (Vaults:2)
  2 wolf spiders
  An oklob plant (Abyss:3)
  5 orc sorcerers
  5 will-o-the-wisps
  A spectral spriggan (Swamp:4)
  8 cyclopes
  A salamander (shapeshifter) (D:12)
  25 moths of wrath
  19 salamanders
  A manticore (D:13)
  3 human skeletons (Vaults:4)
  A meliai (shapeshifter) (D:14)
  7 worldbinders
  3 kobold blastminers (Orc:2)
  3 rust devils
  2 centaur zombies
  A stone giant skeleton (Vaults:4)
  3 guardian serpents
  An eye of devastation (shapeshifter) (Depths:3)
  46 black mambas
  A fire giant skeleton (Crypt:1)
  A gargoyle (D:12)
  3 ice statues
  16 naga magi
  15 vault sentinels
  Maggie (D:8)
  9 elephants (Lair:4)
  4 dire elephant zombies
  11 smoke demons
  3 orange demons (Abyss:3)
  2 hellions (Hell)
  2 unseen horrors
  A torpor snail (Lair:3)
  23 cane toads
  31 large abominations
  A sea snake zombie (Hell)
  A white draconian zombie (Crypt:2)
  38 yaktaurs
  Jeremiah (D:8)
  3 efreet
  A naga skeleton (Abyss:3)
  A rime drake (Lair:2)
  A yaktaur zombie (Vaults:4)
  2 centaur skeletons
  10 freezing wraiths
  8 komodo dragons
  A golden dragon simulacrum (IceCv)
  2 kobold demonologists
  11 ancient zymes
  A minotaur skeleton (Crypt:2)
  4 anaconda simulacra
  3 guardian mummies
  21 ice devils
  A sea snake skeleton (Hell)
  A tengu conjurer (Depths:2)
  2 red devils
  A hydra zombie (Hell)
  A red draconian skeleton (Crypt:1)
  A yaktaur skeleton (Vaults:4)
  A bloated husk (Swamp:2)
  2 trolls
  4 harpy zombies
  A silent spectre (Abyss:3)
  2 hellwings (Abyss:3)
  A merfolk (D:11)
  Grinder (D:3)
  4 polar bears (Lair:5)
  7 tyrant leeches
  A wind drake (shapeshifter) (D:15)
  A harpy skeleton (Crypt:1)
  17 blink frogs
  An alligator simulacrum (IceCv)
  A hydra skeleton (Hell)
  A shadow dragon simulacrum (Abyss:2)
  2 glass eyes (Depths:3)
  21 hornets
  A tarantella zombie (Crypt:1)
  A dream sheep (shapeshifter) (Depths:3)
  26 raiju
  A stone giant simulacrum (Vaults:4)
  34 slime creatures
  3 shadows
  7 spriggans
  Sigmund (D:5)
  3 air elementals
  A guardian serpent skeleton (Crypt:1)
  A vampire (D:12)
  5 jumping spiders
  19 wraiths
  8 ynoxinuls
  6 water elementals
  64 yaks
  11 fire elementals
  17 wyverns
  4 fire bats
  2 dire elephant simulacra (IceCv)
  57 starcursed masses
  3 steam dragons
  4 basilisks
  A golden eye (Abyss:3)
  5 redbacks
  14 neqoxecs
  A redback (shapeshifter) (Elf:1)
  14 vampire mosquitoes
  Menkaure (D:5)
  4 harpy simulacra (IceCv)
  10 minotaur simulacra (IceCv)
  A yaktaur simulacrum (Vaults:4)
  47 nagas
  6 spatial vortices (Abyss:3)
  5 chaos spawn
  A water nymph zombie (Crypt:1)
  A naga zombie (Crypt:3)
  2 hydra simulacra
  13 small abominations
  16 swamp worms
  7 hell hounds
  A two-headed ogre skeleton (Crypt:2)
  A death drake simulacrum (Swamp:4)
  23 water moccasins
  A glowing shapeshifter skeleton (Vaults:4)
  A deep troll skeleton (Crypt:2)
  7 swamp drakes
  16 orc warriors
  3 sky beasts (D:7)
  4 black bears
  An ice beast (D:7)
  2 ettin simulacra (IceCv)
  38 laughing skulls
  17 spriggan simulacra
  4 ogres
  11 wolves
  A hog zombie (Crypt:2)
  12 centaurs
  A lindwurm skeleton (Crypt:2)
  6 kobold brigands
  3 phantoms
  9 bullfrogs
  2 brain worms
  7 deep troll simulacra (IceCv)
  4 earth elementals
  A gnoll sergeant (D:7)
  A cyclops zombie (Crypt:1)
  2 scorpions
  6 wyvern skeletons (Crypt:3)
  35 wights
  2 ballistomycetes (Zot:3)
  5 spriggan zombies
  17 killer bees
  5 howler monkeys
  3 electric eels (D:13)
  8 crimson imps
  3 quasits
  5 jellies
  2 bombardier beetles
  6 hounds
  A gnoll bouda (D:6)
  2 human zombies
  17 orc priests
  2 iron imps (Abyss:2)
  4 iguanas
  12 hell rats (Hell)
  22 orc wizards
  3 sleepcaps
  A deep dwarf zombie (Crypt:2)
  4 hound zombies (Ossuary)
  5 mummies
  10 adders
  19 gnolls
  A swamp drake zombie (Crypt:1)
  3 shadow imps
  9 white imps
  10 ufetubi
  2 adder zombies (Ossuary)
  A dart slug (D:1)
  2 ribbon worms
  61 orcs
  6 endoplasms
  5 giant cockroaches
  5 goblins
  6 hobgoblins
  9 jackals
  2 quokkas
  8 ball pythons
  A ball python skeleton (Crypt:1)
  7 bats
  4 frilled lizards
  A gnoll zombie (Ossuary)
  A goblin zombie (Ossuary)
  A hobgoblin zombie (Ossuary)
  30 kobolds
  A kobold skeleton (Crypt:1)
  5 rats
  2 rat zombies (Ossuary)
  2 aspiring fleshes (Zot:4)
  2 ballistomycete spores (Zot:3)
  A creeping inferno (Hell)
  2 lurking horrors (Abyss:3)
  14 starspawn tentacles
2647 creatures vanquished.

Vanquished Creatures (collateral kills)
  Tiamat (Zot:1)
  Vashnia (Snake:3)
  A golden dragon (Zot:1)
  Nikola (Swamp:4)
  A tentacled monstrosity (Zot:3)
  Mlioglotl (Swamp:4)
  A draconian monk (Zot:1)
  A protean progenitor (Zot:1)
  2 draconian shifters (Zot:1)
  A reaper (WizLab)
  A draconian annihilator (Zot:1)
  A draconian stormcaller (Zot:1)
  A green draconian (Zot:1)
  A yellow draconian (Zot:1)
  A purple draconian (Zot:1)
  An ogre mage (Orc:2)
  An ice dragon (Depths:3)
  A deep troll shaman (Depths:3)
  2 orc high priests (Orc:2)
  A soul eater (WizLab)
  2 goliath frogs (Swamp:2)
  2 iron trolls (Depths:3)
  A deep troll (Depths:3)
  An orc knight (Orc:2)
  2 salamanders (Zot:1)
  2 moths of wrath (Zot:1)
  A will-o-the-wisp (Swamp:2)
  A tormentor (WizLab)
  A hornet (Swamp:2)
  A spriggan (Swamp:2)
  2 swamp worms
  A wight (D:8)
  A howler monkey (D:8)
  An orc priest (Orc:2)
  An orc wizard (Orc:2)
  2 hell rats (Hell)
  A white imp (D:8)
45 creatures vanquished.

Vanquished Creatures (others)
  2 liches (Zot:1)
  A storm dragon (Zot:3)
  A sun demon (Zot:1)
  2 deep elf zephyrmancers (Elf:1)
  2 bloated husks
  15 ballistomycete spores (Zot:3)
  27 foxfires
  2 lurking horrors
  13 starspawn tentacles
65 creatures vanquished.

Grand Total: 2757 creatures vanquished

Notes
Turn   | Place    | Note
-------+----------+-------------------------------------------
     0 | D:1      | MagicSucks the Coglin Berserker began the quest for the
                  | Orb.
     0 | D:1      | Reached XP level 1. HP: 18/18 MP: 1/1
   154 | D:1      | Reached XP level 2. HP: 12/24 MP: 2/2
   401 | D:1      | Reached XP level 3. HP: 29/29 MP: 3/3
   447 | D:1      | Reached ** piety under Trog
   731 | D:2      | Identified the +1 pair of boots of Zin's Grace {Regen+
                  | Str+2 Dex+3}
   775 | D:3      | Reached XP level 4. HP: 35/35 MP: 4/4
  1056 | D:2      | Reached XP level 5. HP: 39/42 MP: 5/5
  1567 | D:3      | Noticed Grinder
  1579 | D:3      | Killed Grinder
  1580 | D:3      | Reached skill level 5 in Axes
  1580 | D:3      | Reached XP level 6. HP: 49/49 MP: 6/6
  2059 | D:4      | Noticed a black bear
  2067 | D:4      | Killed a black bear
  2068 | D:4      | Reached XP level 7. HP: 55/55 MP: 7/7
  2079 | D:4      | Reached *** piety under Trog
  2641 | D:5      | Entered Level 5 of the Dungeon
  2652 | D:5      | Reached skill level 5 in Fighting
  2679 | D:5      | Noticed Sigmund
  2711 | D:5      | Killed Sigmund
  2729 | D:5      | Reached XP level 8. HP: 62/62 MP: 8/8
  3017 | D:5      | Noticed Menkaure
  3023 | D:5      | Killed Menkaure
  3085 | D:5      | Reached skill level 5 in Armour
  3092 | D:5      | Found a shadowy altar of Dithmenos.
  3399 | D:6      | Reached XP level 9. HP: 68/69 MP: 9/9
  3757 | D:6      | Reached **** piety under Trog
  3934 | D:6      | Identified the +2 leather armour of Zadi Ven {rF+ Regen+}
  4262 | D:7      | Found a stormy altar of Qazlal.
  4263 | D:7      | Found a shimmering altar of Xom.
  4275 | D:7      | Found a sand-covered staircase.
  4275 | D:7      | Noticed a hornet
  4280 | D:7      | Killed a hornet
  4281 | D:7      | Reached skill level 10 in Axes
  4284 | Ossuary  | Entered an ossuary
  4294 | Ossuary  | Reached ***** piety under Trog
  4525 | D:7      | Reached XP level 10. HP: 79/79 MP: 10/10
  4551 | D:7      | Found a staircase to the Ecumenical Temple.
  4622 | D:7      | Identified the +3 flail "Guocw" {drain, Str+3}
  4870 | D:7      | Found a basalt altar of Yredelemnul.
  5102 | D:8      | Noticed Pikel
  5111 | D:8      | Killed Pikel
  5180 | D:8      | Identified the +7 bardiche of Righteous Anger {speed, rC++}
  5190 | D:8      | Noticed Maggie
  5206 | D:8      | Killed Maggie
  5210 | D:8      | Noticed Jeremiah
  5395 | D:8      | Killed Jeremiah
  5520 | D:8      | Found a snail-covered altar of Cheibriados.
  5675 | D:8      | Found a hide-covered altar of Uskayaw.
  5675 | D:8      | Found a glowing silver altar of Zin.
  5949 | D:9      | Noticed a cyan ugly thing
  5958 | D:9      | Killed a cyan ugly thing
  5959 | D:9      | Reached XP level 11. HP: 87/87 MP: 11/11
  6790 | D:9      | Found a burning altar of Makhleb.
  6902 | D:10     | Entered Level 10 of the Dungeon
  7045 | D:10     | Found an opulent altar of Gozag.
  7107 | D:10     | Found a sacrificial altar of Ru.
  7182 | D:10     | Found Xeagouts's Fire Supplies.
  7244 | D:10     | Noticed Josephine
  7252 | D:10     | Received a gift from Trog
  7256 | D:10     | Killed Josephine
  7486 | D:11     | Noticed a white ugly thing
  7493 | D:11     | Killed a white ugly thing
  7554 | D:11     | Noticed a boulder beetle
  7573 | D:11     | Killed a boulder beetle
  7599 | D:11     | Reached skill level 10 in Fighting
  7601 | D:11     | Reached XP level 12. HP: 80/97 MP: 12/12
  7757 | D:11     | Identified the maw talisman "Kyapag" {Int-4 Dex+4}
  8039 | D:11     | Noticed a two-headed ogre
  8045 | D:11     | Killed a two-headed ogre
  8198 | D:11     | Found a staircase to the Lair.
  8933 | D:12     | Found a staircase to the Orcish Mines.
  9142 | Lair:1   | Entered Level 1 of the Lair of Beasts
  9147 | Lair:1   | Found a gate leading to a gauntlet.
  9177 | Gauntlet | Entered a Gauntlet
  9177 | Gauntlet | Found a transporter.
  9177 | Gauntlet | Found a transporter.
  9212 | Gauntlet | Found a transporter.
  9223 | Gauntlet | Noticed a hell beast
  9225 | Gauntlet | Found a transporter.
  9225 | Gauntlet | Found a transporter.
  9227 | Gauntlet | Found a transporter.
  9227 | Gauntlet | Found a transporter.
  9228 | Gauntlet | Found a transporter.
  9229 | Gauntlet | Noticed a death scarab
  9240 | Gauntlet | Found a transporter.
  9255 | Gauntlet | Found a transporter.
  9257 | Gauntlet | Noticed a death scarab
  9262 | Gauntlet | Noticed a wretched star
  9265 | Gauntlet | Found a transporter.
  9279 | Gauntlet | Found a transporter.
  9315 | Gauntlet | Found a transporter.
  9337 | Gauntlet | Found a transporter.
  9405 | Gauntlet | Reached skill level 15 in Axes
  9485 | Gauntlet | Killed a hell beast
  9486 | Gauntlet | Reached skill level 10 in Armour
  9529 | Gauntlet | Gained mutation: You sometimes lose your temper in combat.
                  | [a neqoxec]
  9538 | Gauntlet | Killed a wretched star
  9547 | Gauntlet | Identified the +1 helmet of Circular Logic {+Inv}
  9562 | Gauntlet | Identified the +4 morningstar of Radicalism {venom, rCorr}
  9597 | Gauntlet | Noticed a minotaur
  9605 | Gauntlet | Killed a minotaur
  9606 | Gauntlet | Reached XP level 13. HP: 106/106 MP: 9/13
  9640 | Gauntlet | Identified the +1 rapier of a sewer {drain, rPois Will+
                  | rCorr}
  9748 | Lair:1   | Found an ornate altar of the Wu Jian Council.
  9797 | Lair:1   | Reached skill level 1 in Evocations
  9802 | Lair:1   | Reached skill level 2 in Evocations
  9822 | Lair:1   | Reached skill level 3 in Evocations
  9882 | Lair:1   | Found the +2 pair of slick slippers {slick, slippery, EV+4}
 10408 | Lair:2   | Received a gift from Trog
 10441 | Lair:2   | Reached skill level 4 in Evocations
 10736 | Lair:2   | Found a staircase to the Swamp.
 11395 | Lair:3   | Noticed Urug
 11407 | Lair:3   | Killed Urug
 11683 | Lair:3   | Found a staircase to the Snake Pit.
 12044 | Lair:3   | Reached XP level 14. HP: 116/116 MP: 14/14
 12045 | Lair:3   | Received a gift from Trog
 12104 | Lair:3   | Identified a scroll of acquirement
 12106 | Lair:3   | Acquired the +9 broad axe "Curaed" {freeze, rF+ Will++
                  | Int+3}
 13078 | Lair:4   | Noticed Sonja
 13083 | Lair:4   | Killed Sonja
 13328 | Lair:5   | Entered Level 5 of the Lair of Beasts
 13328 | Lair:5   | Found a staircase to the Slime Pits.
 13328 | Lair:5   | Found a viscous altar of Jiyva.
 13381 | Lair:5   | Found a transporter.
 13395 | Lair:5   | Noticed Ducan's ghost (journeyman DsBe)
 13451 | Lair:5   | Found a transporter.
 13816 | Lair:5   | Received a gift from Trog
 14460 | Lair:5   | Reached XP level 15. HP: 120/124 MP: 15/15
 14462 | Lair:5   | Acquired an articulated megaencabulator {RevParry, rF+
                  | Slay+3}
 14998 | D:13     | Reached skill level 5 in Evocations
 15547 | D:13     | Found a gate to the Vaults.
 15573 | D:13     | Reached skill level 6 in Evocations
 16056 | D:14     | Noticed Louise
 16066 | D:14     | Killed Louise
 16093 | D:14     | Reached ****** piety under Trog
 16575 | D:14     | Reached skill level 7 in Evocations
 16998 | D:14     | Noticed Nessos
 17027 | D:14     | Killed Nessos
 17075 | D:14     | Found a shimmering blue altar of Sif Muna.
 17176 | D:15     | Entered Level 15 of the Dungeon
 17418 | D:15     | Found a portal to a secret trove of treasure.
 17596 | D:15     | Reached skill level 8 in Evocations
 17611 | D:15     | Found a staircase to the Depths.
 17948 | Orc:1    | Entered Level 1 of the Orcish Mines
 17953 | Orc:1    | Reached skill level 5 in Dodging
 17954 | Orc:1    | Received a gift from Trog
 18274 | Orc:2    | Entered Level 2 of the Orcish Mines
 18333 | Orc:1    | Noticed Harold
 18339 | Orc:1    | Killed Harold
 18723 | Orc:2    | Reached XP level 16. HP: 115/134 MP: 16/16
 18752 | Orc:2    | Reached skill level 9 in Evocations
 18758 | Orc:2    | Found Fyzi's Book Emporium.
 18758 | Orc:2    | Found Keont's Weapon Shop.
 18787 | Orc:2    | Found Tiadinne's Book Emporium.
 18787 | Orc:2    | Found Igubim's Antique Armour Shop.
 18878 | Orc:2    | Found a staircase to the Elven Halls.
 19095 | Elf:1    | Entered Level 1 of the Elven Halls
 19202 | Elf:1    | Found Puuburph's Book Shoppe.
 19407 | Elf:1    | Identified the serpent talisman "Iddavech" {*Slow rN+++
                  | Stlth+}
 19454 | Elf:1    | Identified the +2 leather armour "Taenn" {Dex+3 Stlth+}
 19510 | Elf:1    | Received a gift from Trog
 19543 | Elf:1    | Reached skill level 15 in Fighting
 19679 | Elf:1    | Found Kouradofa's Jewellery Shop.
 19902 | Elf:1    | Reached skill level 10 in Evocations
 20051 | Elf:1    | Acquired a manual of Evocations
 20357 | Swamp:1  | Entered Level 1 of the Swamp
 20646 | Swamp:1  | Reached skill level 11 in Evocations
 20885 | Swamp:2  | Received a gift from Trog
 20974 | Swamp:2  | Reached skill level 12 in Evocations
 21268 | Swamp:2  | Reached XP level 17. HP: 143/143 MP: 17/17
 21565 | Swamp:3  | Reached skill level 13 in Evocations
 22058 | Swamp:4  | Entered Level 4 of the Swamp
 22170 | Swamp:4  | Found a runed translucent gate.
 22170 | Swamp:4  | Found a runed translucent gate.
 22170 | Swamp:4  | Found a runed translucent gate.
 22176 | Swamp:4  | Noticed Geiziwus's ghost (adept FoAK)
 22262 | Swamp:4  | Noticed Mlioglotl
 22264 | Swamp:4  | Noticed Nikola
 22269 | Swamp:4  | Killed Mlioglotl
 22270 | Swamp:4  | Reached skill level 14 in Evocations
 22274 | Swamp:4  | Killed Nikola
 22440 | Swamp:4  | Received a gift from Trog
 22459 | Swamp:4  | Reached skill level 15 in Evocations
 22463 | Swamp:4  | Paralysed by a hornet for 3 turns
 22466 | Swamp:4  | Found a basalt altar of Yredelemnul.
 22500 | Swamp:4  | Paralysed by a hornet for 2 turns
 22640 | Swamp:4  | Got a decaying rune of Zot
 22783 | Swamp:4  | Reached skill level 15 in Armour
 22817 | Swamp:4  | Reached skill level 16 in Evocations
 23182 | Swamp:4  | Reached XP level 18. HP: 153/153 MP: 18/18
 23187 | Swamp:4  | Killed Geiziwus's ghost
 23410 | Lair:5   | Killed Ducan's ghost
 23412 | Lair:5   | Identified the +3 hat of the First Lives {rC- rN+ Str+2
                  | Int+5}
 23585 | Snake:1  | Entered Level 1 of the Snake Pit
 23768 | Snake:1  | Found Zijifana's Jewellery Boutique.
 23768 | Snake:1  | Found Leron's Book Shoppe.
 23769 | Snake:1  | Found Heipaduh's Jewellery Boutique.
 23804 | Snake:1  | Identified the serpent talisman "Yssoaheo" {rF+ Will+
                  | Dex+3}
 23804 | Snake:1  | Noticed Aizul
 23815 | Snake:1  | Killed Aizul
 23816 | Snake:1  | Reached skill level 17 in Evocations
 24031 | Snake:1  | Noticed Azrael
 24044 | Snake:1  | Killed Azrael
 24181 | Snake:1  | Reached skill level 10 in Dodging
 24237 | Snake:1  | Noticed Jorgrun
 24251 | Snake:1  | Killed Jorgrun
 24251 | Snake:1  | Received a gift from Trog
 24312 | Snake:1  | Found a glacial archway.
 24321 | IceCv    | Entered an ice cave
 24639 | IceCv    | Reached skill level 18 in Evocations
 24880 | IceCv    | Identified the +0 pair of gloves of Ucvois {rC+}
 25583 | Snake:2  | Received a gift from Trog
 26153 | Snake:3  | Reached XP level 19. HP: 161/161 MP: 19/19
 26318 | Snake:3  | Noticed Donald
 26332 | Snake:3  | Killed Donald
 26635 | Snake:3  | Noticed Vashnia
 26732 | Snake:3  | Killed Vashnia
 26777 | Snake:3  | Received a gift from Trog
 26801 | Snake:3  | Reached skill level 19 in Evocations
 26907 | Snake:3  | Identified the +1 robe of the Everdark {rElec Regen+}
 27447 | Snake:4  | Entered Level 4 of the Snake Pit
 27479 | Snake:4  | Found a runed translucent gate.
 27479 | Snake:4  | Found a runed translucent gate.
 27479 | Snake:4  | Found a runed translucent gate.
 27480 | Snake:4  | Noticed Nilihum's ghost (adept CoGl)
 27481 | Snake:4  | Noticed Nilihum's ghost (adept CoAr)
 27539 | Snake:4  | Killed Nilihum's ghost
 27545 | Snake:4  | Killed Nilihum's ghost
 28251 | Snake:4  | Received a gift from Trog
 28260 | Snake:4  | Identified the +1 pair of gloves of Negligence {Int+2}
 28721 | Snake:4  | Got a serpentine rune of Zot
 29193 | Elf:2    | Reached XP level 20. HP: 114/172 MP: 20/20
 29200 | Elf:2    | Received a gift from Trog
 29210 | Elf:2    | Noticed Norris
 29212 | Elf:2    | Reached skill level 20 in Evocations
 29219 | Elf:2    | Killed Norris
 29260 | Elf:2    | Paralysed by an air elemental for 1 turns
 29304 | Elf:2    | Identified the +7 battleaxe of Dyjedd {flame, rC+ rN+
                  | Int+3}
 29313 | Elf:2    | Found a runed translucent gate.
 29313 | Elf:2    | Found a runed translucent gate.
 29313 | Elf:2    | Found a runed translucent gate.
 29969 | Elf:3    | Entered Level 3 of the Elven Halls
 30027 | Elf:3    | Found Haafy's Distillery.
 30033 | Elf:3    | Paralysed by an air elemental for 1 turns
 30036 | Elf:3    | Bought a potion of haste for 110 gold pieces
 30050 | Elf:3    | Received a gift from Trog
 30934 | Elf:3    | Received a gift from Trog
 31016 | Elf:3    | Reached skill level 21 in Evocations
 31292 | Elf:3    | Identified the +9 short sword "Killer Bee's Foe" {heavy,
                  | rF++ rN+ Stlth+}
 31293 | Elf:3    | Identified the +2 robe of Erhu Isch {rElec rF- Dex+5}
 31378 | Elf:3    | Reached XP level 21. HP: 124/180 MP: 7/21
 31461 | Elf:3    | Identified the +4 morningstar "No More Talking" {drain, Fly
                  | rCorr MP+9 Int-3}
 31528 | Elf:3    | Identified the +10 quarterstaff of Sojy {drain, *Corrode
                  | rPois Str+3}
 31581 | Elf:3    | Identified the amulet "Kuivy" {Spirit rF+}
 31943 | Vaults:1 | Entered Level 1 of the Vaults
 31966 | Vaults:1 | Noticed Saint Roka
 31982 | Vaults:1 | Killed Saint Roka
 32261 | Vaults:1 | Received a gift from Trog
 32763 | Vaults:1 | Paralysed by a formless jellyfish for 1 turns
 33084 | Vaults:2 | Reached skill level 22 in Evocations
 33260 | Vaults:2 | Received a gift from Trog
 33336 | Vaults:2 | Found a magical portal.
 33357 | WizLab   | Entered Doroklohe's Tomb
 34341 | Vaults:2 | Found Qefitezu's Magic Scroll Boutique.
 34354 | Vaults:2 | Bought a scroll of enchant armour for 157 gold pieces
 34354 | Vaults:2 | Bought a scroll of teleportation for 63 gold pieces
 34354 | Vaults:2 | Bought a scroll of enchant weapon for 157 gold pieces
 34354 | Vaults:2 | Bought a scroll of blinking for 157 gold pieces
 34354 | Vaults:2 | Bought a scroll of revelation for 157 gold pieces
 34354 | Vaults:2 | Bought a scroll of poison for 84 gold pieces
 34510 | Vaults:2 | Noticed Mennas
 34523 | Vaults:2 | Reached XP level 22. HP: 171/190 MP: 7/22
 34527 | Vaults:2 | Killed Mennas
 34529 | Vaults:2 | Received a gift from Trog
 34740 | Vaults:2 | Found Diozuofo's Distillery.
 34753 | Vaults:2 | Bought a potion of heal wounds for 95 gold pieces
 34753 | Vaults:2 | Bought a potion of curing for 57 gold pieces
 34753 | Vaults:2 | Bought a potion of might for 76 gold pieces
 34753 | Vaults:2 | Bought a potion of might for 76 gold pieces
 35209 | Vaults:2 | Found a staircase to the Crypt.
 35452 | Vaults:3 | Reached skill level 23 in Evocations
 35850 | Vaults:3 | You fall into a shaft and drop 1 floor!
 35882 | Vaults:4 | Received a gift from Trog
 36502 | Vaults:3 | Found Qafuluc's Weapon Emporium.
 36653 | Vaults:4 | Received a gift from Trog
 36809 | Vaults:4 | Found Ryviado's Assorted Antiques.
 36817 | Vaults:4 | Bought a potion of curing for 105 gold pieces
 36817 | Vaults:4 | Bought a potion of curing for 105 gold pieces
 37084 | Vaults:4 | Reached skill level 24 in Evocations
 37424 | Vaults:4 | Received a gift from Trog
 37834 | Depths:1 | Entered Level 1 of the Depths
 37863 | Depths:1 | Reached XP level 23. HP: 194/200 MP: 7/23
 38092 | Depths:1 | Found a one-way gate leading to the halls of Pandemonium.
 38254 | Depths:1 | Found a glowing silver altar of Zin.
 38334 | Depths:1 | Found a gateway to Hell.
 39606 | Depths:3 | Received a gift from Trog
 39993 | Depths:3 | Noticed Xtahua
 40005 | Depths:3 | Killed Xtahua
 40006 | Depths:3 | Reached skill level 1 in Throwing
 40210 | Depths:3 | Found a one-way gate to the infinite horrors of the Abyss.
 40676 | Depths:4 | Entered Level 4 of the Depths
 40707 | Depths:4 | Noticed a juggernaut
 40717 | Depths:4 | Killed a juggernaut
 40764 | Depths:4 | Noticed Sojobo
 40767 | Depths:4 | Found Teomic's Distillery.
 40775 | Depths:4 | Reached skill level 25 in Evocations
 40781 | Depths:4 | Killed Sojobo
 40813 | Depths:4 | Found Seryhita's Antique Armour Shop.
 40815 | Depths:4 | Found Wifiwk's Jewellery Boutique.
 40819 | Depths:4 | Bought a potion of heal wounds for 105 gold pieces
 40819 | Depths:4 | Bought a potion of heal wounds for 105 gold pieces
 40819 | Depths:4 | Bought a potion of curing for 63 gold pieces
 40819 | Depths:4 | Bought a potion of curing for 63 gold pieces
 40819 | Depths:4 | Bought a potion of heal wounds for 105 gold pieces
 40926 | Depths:4 | Identified the orb of Compression {light, rC++ Necro}
 40926 | Depths:4 | Noticed Frederick
 40946 | Depths:4 | Killed Frederick
 40956 | Depths:4 | Received a gift from Trog
 41023 | Depths:4 | Noticed Jory
 41037 | Depths:4 | Killed Jory
 41222 | Depths:4 | Noticed a golden dragon
 41235 | Depths:4 | Killed a golden dragon
 41253 | Depths:4 | Found a gate to the Realm of Zot.
 41272 | Depths:4 | Reached XP level 24. HP: 108/210 MP: 7/23
 41422 | Depths:4 | Found a one-way gateway to a ziggurat.
 41424 | Depths:4 | Found Ugutariu's Distillery.
 41430 | Depths:4 | Bought 2 potions of cancellation for 288 gold pieces
 41430 | Depths:4 | Bought a potion of heal wounds for 90 gold pieces
 41430 | Depths:4 | Bought a potion of curing for 54 gold pieces
 41430 | Depths:4 | Bought a potion of curing for 54 gold pieces
 41430 | Depths:4 | Bought a potion of heal wounds for 90 gold pieces
 41430 | Depths:4 | Bought a potion of curing for 54 gold pieces
 41443 | Depths:4 | Found a stormy altar of Qazlal.
 41489 | Depths:4 | Found a corrupted altar of Lugonu.
 41673 | Hell     | Entered the Vestibule of Hell
 41673 | Hell     | Noticed Geryon
 41754 | Hell     | Killed Geryon
 41790 | Hell     | Reached skill level 5 in Throwing
 41951 | Hell     | Received a gift from Trog
 42154 | Hell     | Found a gateway to the decaying netherworld of Tartarus.
 42492 | Hell     | Found a gateway to the ashen valley of Gehenna.
 42591 | Hell     | Found a gateway to the Iron City of Dis.
 42755 | Hell     | Found a gateway to the freezing wastes of Cocytus.
 42771 | Hell     | Received a gift from Trog
 43188 | Crypt:1  | Entered Level 1 of the Crypt
 43205 | Crypt:1  | Noticed Vv
 43222 | Crypt:1  | Killed Vv
 43281 | Crypt:1  | Reached skill level 26 in Evocations
 43402 | Crypt:1  | You fall into a shaft and drop 1 floor!
 43633 | Crypt:1  | Received a gift from Trog
 43923 | Crypt:1  | Found a basalt altar of Yredelemnul.
 44157 | Crypt:1  | Reached XP level 25. HP: 216/216 MP: 7/23
 44159 | Crypt:1  | Reached skill level 15 in Dodging
 44661 | Crypt:2  | Identified the +5 lajatang "Embalmer" {drain, *Noise rPois
                  | rN+ Will+}
 45209 | Crypt:3  | Entered Level 3 of the Crypt
 45298 | Crypt:3  | Received a gift from Trog
 45556 | Crypt:3  | Found the +9 sword of Zonguldrok {reap}
 45630 | Crypt:3  | Identified the +4 hand axe of the Telling Messenger {venom,
                  | rPois Stlth+}
 45634 | Crypt:3  | Identified the +11 flail of Law {flame, rF+ Str+4 Stlth+}
 45637 | Crypt:3  | Identified the dragon-blood talisman "Xiruff" {rElec rCorr
                  | Str-4 Dex+2}
 45881 | Crypt:3  | Found a basalt altar of Yredelemnul.
 46000 | Crypt:3  | Received a gift from Trog
 46077 | Crypt:3  | Reached skill level 27 in Evocations
 46163 | Crypt:3  | Found a staircase to the Tomb.
 46252 | Crypt:3  | Identified the +0 ring mail of the Several Continents
                  | {Dex+2}
 46510 | Crypt:3  | Identified the +4 long sword of Ryast {spect, rElec rF-
                  | Will+ Dex+3}
 47277 | Depths:3 | Voluntarily entered the Abyss.
 47487 | Abyss:2  | Paralysed by accursed screaming for 1 turns
 47539 | Abyss:2  | Received a gift from Trog
 47657 | Abyss:2  | Paralysed by an air elemental for 1 turns
 47924 | Abyss:3  | Found a corrupted altar of Lugonu.
 47924 | Abyss:3  | Found a corrupted altar of Lugonu.
 47990 | Abyss:3  | Received a gift from Trog
 48219 | Abyss:3  | Reached skill level 10 in Throwing
 48255 | Abyss:3  | Found a corrupted altar of Lugonu.
 48298 | Abyss:3  | Gained mutation: Your muscles are strong. (Str +4, Int/Dex
                  | -1) [a neqoxec]
 48363 | Abyss:3  | Identified the +2 broad axe of Udeul {flame, rF+} (Trog
                  | gifted it to you on level 3 of the Abyss)
 48363 | Abyss:3  | Received a gift from Trog
 48376 | Abyss:3  | Found a corrupted altar of Lugonu.
 48479 | Abyss:3  | Found a sparkling altar of Nemelex Xobeh.
 48514 | Abyss:3  | Found a corrupted altar of Lugonu.
 48557 | Abyss:3  | Reached XP level 26. HP: 181/212 MP: 7/23
 48720 | Abyss:3  | Found a corrupted altar of Lugonu.
 48833 | Abyss:3  | Received a gift from Trog
 48834 | Abyss:3  | Paralysed by accursed screaming for 1 turns
 48841 | Abyss:3  | Found a corrupted altar of Lugonu.
 48961 | Abyss:3  | Gained mutation: Your body sometimes deteriorates upon
                  | taking damage. [a cacodemon]
 49077 | Abyss:3  | Noticed a dread lich
 49088 | Abyss:3  | Killed a dread lich
 49381 | Abyss:4  | Received a gift from Trog
 49434 | Abyss:4  | Gained mutation: Your health recovers twice as slowly from
                  | being drained. [a neqoxec]
 49461 | Abyss:4  | Noticed an ancient lich
 49478 | Abyss:4  | Killed an ancient lich
 49499 | Abyss:4  | Got an abyssal rune of Zot
 49535 | Depths:3 | Escaped the Abyss
 49756 | Zot:1    | Entered Level 1 of the Realm of Zot
 50203 | Zot:1    | Found the +4 dragonskin cloak {Aegis}
 50203 | Zot:1    | Noticed Tiamat
 50237 | Zot:1    | Killed Tiamat
 50530 | Zot:1    | Found a transporter.
 50533 | Zot:1    | Found a transporter.
 50594 | Zot:1    | Identified the +9 orcbow of Uceinep {flame, rElec Will+
                  | Dex-5 SInv}
 50685 | Zot:1    | Found a transporter.
 50688 | Zot:1    | Found a transporter.
 50802 | Zot:1    | Reached XP level 27. HP: 186/225 MP: 7/23
 50813 | Zot:1    | Received a gift from Trog
 51059 | Zot:1    | Identified the +8 plate armour "Guisod" {rC+ SInv}
 51572 | Zot:2    | Identified the +1 scale mail of Servitude {Fly Slay+2}
 51979 | Zot:3    | Received a gift from Trog
 52358 | Zot:3    | Lost mutation: Your body sometimes deteriorates upon taking
                  | damage. [potion of mutation]
 52358 | Zot:3    | Lost mutation: Your health recovers twice as slowly from
                  | being drained. [potion of mutation]
 52358 | Zot:3    | Lost mutation: You sometimes lose your temper in combat.
                  | [potion of mutation]
 52358 | Zot:3    | Gained mutation: Your flesh is heat resistant. (rF+)
                  | [potion of mutation]
 53027 | Zot:3    | Identified the orb "Categad" {mayhem, +Blink Int+2 Air}
 53268 | Zot:4    | Found a runed translucent door.
 53268 | Zot:4    | Found a shimmering altar of Xom.
 53268 | Zot:4    | Noticed Noulax's ghost (master HuWn)
 53309 | Zot:4    | Received a gift from Trog
 54027 | Zot:5    | Entered Level 5 of the Realm of Zot
 54196 | Zot:5    | Noticed an orb of fire
 54200 | Zot:5    | Gained mutation: You sometimes lose your temper in combat.
                  | [an orb of fire]
 54207 | Zot:5    | Killed an orb of fire
 54495 | Zot:5    | Received a gift from Trog
 55194 | Zot:5    | Noticed an orb of fire
 55194 | Zot:5    | Gained mutation: You have an uncontrollable temper. [an orb
                  | of fire]
 55214 | Zot:5    | Gained mutation: Your body sometimes deteriorates upon
                  | taking damage. [an orb of fire]
 55218 | Zot:5    | Killed an orb of fire
 55225 | Zot:5    | Lost mutation: Your flesh is heat resistant. (rF+) [potion
                  | of mutation]
 55225 | Zot:5    | Lost mutation: Your body sometimes deteriorates upon taking
                  | damage. [potion of mutation]
 55225 | Zot:5    | Lost mutation: Your muscles are strong. (Str +4, Int/Dex
                  | -1) [potion of mutation]
 55225 | Zot:5    | Gained mutation: Your spells are a little harder to cast,
                  | but a little more powerful. [potion of mutation]
 55225 | Zot:5    | Gained mutation: You are weak. (Str -2) [potion of
                  | mutation]
 55225 | Zot:5    | Lost mutation: You have an uncontrollable temper. [potion
                  | of mutation]
 55226 | Zot:5    | Lost mutation: You sometimes lose your temper in combat.
                  | [potion of mutation]
 55226 | Zot:5    | Lost mutation: You are weak. (Str -2) [potion of mutation]
 55226 | Zot:5    | Gained mutation: You expend magic power (3 MP) to
                  | strengthen your wands. [potion of mutation]
 55226 | Zot:5    | Lost mutation: Your spells are a little harder to cast, but
                  | a little more powerful. [potion of mutation]
 55226 | Zot:5    | Gained mutation: You have a somewhat thin skeletal
                  | structure. (Dex +2, Stealth+) [potion of mutation]
 55227 | Zot:5    | Noticed a dread lich
 55230 | Zot:5    | Killed a dread lich
 55273 | Zot:5    | Noticed an ancient lich
 55274 | Zot:5    | Noticed an ancient lich
 55291 | Zot:5    | Killed an ancient lich
 55292 | Zot:5    | Killed an ancient lich
 55563 | Zot:5    | Noticed a dread lich
 55580 | Zot:5    | Killed a dread lich
 55641 | Zot:5    | Noticed an ancient lich
 55656 | Zot:5    | Killed an ancient lich
 56135 | Zot:5    | Got the Orb of Zot
 56153 | Zot:5    | Noticed Datimn the pandemonium lord
 56267 | Zot:1    | Noticed Mauroe the pandemonium lord
 56480 | D:15     | Noticed Qockeow the pandemonium lord
 56480 | D:15     | Noticed an ancient lich
 56727 | D:$      | Escaped with the Orb!

Illustrated notes

Levels and vault maps discovered:
D:1:      onia_arrival_pentagram, layout_rooms, minmay_tetromino_i4
D:2:      layout_basic, serial_curves, eino_curves_04, eino_curves_02
D:3:      layout_loops_ring, kennysheep_minor_cross, uniq_grinder
D:4:      layout_basic
D:5:      layout_cave_pools, grunt_dithmenos_smoke, glass_columns_c,
          hangedman_abyss_or_decor_passed, uniq_sigmund, uniq_menkaure
D:6:      layout_gridville
D:7:      layout_basic, lemuel_round_altar, mainiacjoe_overflow_divided_tiny,
          minmay_temple_entry_hall, enter_ossuary_3
D:8:      layout_cave_pools, gammafunk_temple_overflow_elements,
          cheibrodos_worm_habitat, uniq_jeremiah, uniq_pikel, uniq_maggie
D:9:      layout_basic, nicolae_overflow_hidden_temple
D:10:     layout_gridville, nicolae_gozag_seed_capital,
          mainiacjoe_overflow_surrounded_room, nicolae_shop_fire_sale
          [nicolae_sub_dead_trees], hangedman_decor_riveting, feat_on_display,
          uniq_josephine
D:11:     layout_basic, erik_lair_dragon, hangedman_fish_farm
D:12:     layout_roguey, orc_0_dummy
D:13:     layout_basic, erik_vaults_2, minmay_orc_keep
D:14:     layout_loops_corners, lemuel_blue_sif_altar, minmay_fire_ice_demons,
          uniq_louise, uniq_nessos
D:15:     hangedman_depths_entry_civil_slaughter, layout_small_grid,
          nicolae_trove_entry_columns
Lair:1:   layout_loops_ring, gauntlet_entry_generic, basic_altar
Lair:2:   layout_gridlike, swamp_mist, chequers_serial_rivers_large_a,
          serial_bayou_shore_b
Lair:3:   wander_river, layout_cave_pods, guppyfry_snake_entry_garden,
          lemuel_fruit_tree, lemuel_fruit_fields, uniq_urug
Lair:4:   layout_regular_city, lemuel_old_faithful, uniq_sonja
Lair:5:   hangedman_lair_tendril_chambers, layout_small_grid, slime_entry_1,
          gammafunk_ghost_berserking_beasts, minivault_25
Swamp:1:  layout_basic_swamp, evilmike_swamp_ruin_house_1, uniq_frances
Swamp:2:  layout_basic_swamp, nicolae_swamp_reclaimed_castle,
          nicolae_swamp_frolicking_bunyips
Swamp:3:  layout_falls_marsh, evilmike_swamp_ruin_house_3
Swamp:4:  swamp_basic_johnstein, layout_basic_swamp, gammafunk_ghost_necromancy,
          grunt_ruined_hall, uniq_mlioglotl, uniq_nikola
Snake:1:  layout_concentric_octagons, portal_ice_cave_entry_ice_statue_two,
          grunt_megastairs_1, minmay_shop_grove, uniq_jorgrun, uniq_aizul,
          uniq_azrael
Snake:2:  layout_misc_corridors
Snake:3:  layout_cave_shapes, uniq_donald, uniq_vashnia
Snake:4:  snake_pit, layout_basic, gammafunk_ghost_cemetery,
          nicolae_snake_snakes_in_the_grass
Orc:1:    layout_caves, uniq_harold
Orc:2:    grunt_orc_tribal_feast, layout_caves
Elf:1:    nicolae_elf_arrival_fired_up, layout_geoelf_grid, serial_shops,
          shop_statue, nicolae_shop_just_a_little_nook,
          nicolae_elf_shapeshifter_party, minmay_elf_sorcery
Elf:2:    elven_hall_of_blades_hangedman_original [mumra_blade_entry_bloodbath],
          layout_gridlike, uniq_norris
Elf:3:    minmay_elf_hall, layout_loops_corners, serial_shops, shop,
          glass_columns_c
Vaults:1: nicolae_vaults_enemy_cabinets, nicolae_vaults_border_crossing,
          nicolae_vaults_variable_pillar_hall_cross,
          nicolae_vaults_tetromino_Z_2, nicolae_vaults_little_squares_2,
          v_misc_33, nicolae_vaults_rhombus_7, v_misc_11,
          nicolae_vaults_little_squares_6, vaults_room_pools,
          nicolae_vaults_oval_intersection, grunt_vaults_diagonal,
          nicolae_vaults_double_plus_2, vaults_mumra_chevron,
          layout_vaults_ring, uniq_saint_roka
Vaults:2: lightli_enter_wizlab_magi_temple, hangedman_vaults_stretched_pinwheel,
          minmay_crypt_entry_simple_walls, ontoclasm_vaults_ring_small,
          nicolae_vaults_storage_closets_2, nicolae_vaults_apartment_2,
          nicolae_vaults_what_the_h, grunt_vaults_funnel,
          nicolae_vaults_little_squares_4, nicolae_vaults_house_2,
          ontoclasm_vaults_pinch, layout_vaults_omnigrid, serial_shops,
          nicolae_shop_statue_plus, shop, uniq_mennas, uniq_margery
Vaults:3: vaults_room_guarded_vault, v_misc_28, nicolae_vaults_wrenched,
          lightli_orcish_oven, hangedman_vaults_maws,
          nicolae_vaults_taking_the_gang_shopping,
          nicolae_vaults_more_shelving_2, nicolae_vaults_little_squares_5,
          vaults_dpeg_encased_lava, nicolae_vaults_little_squares_6,
          layout_vaults_big_room
Vaults:4: nicolae_vaults_little_squares_3, serial_library_hellmonk_open_cross,
          nicolae_vaults_arrows, nicolae_vaults_specimen_jars,
          nicolae_vaults_little_squares_1, nicolae_vaults_trapezoid_4,
          nicolae_vaults_apartment_2, dpeg_vaults_monster_row,
          nicolae_vaults_surprise_closet, nicolae_vaults_storage_room_glass,
          vaults_mumra_hexcomb, nicolae_vaults_back_hallway, v_rooms_4,
          layout_vaults_maze_snakey, serial_shops, nicolae_diamond_shop
Crypt:1:  layout_regular_city, grunt_ministairs_3, nicolae_crypt_cryptocurrency,
          amcnicky_mini_pool_small, lemuel_mausoleum_altar_yredelemnul, uniq_vv
Crypt:2:  layout_gridlike, grunt_megastairs_5
Crypt:3:  evilmike_haunted_forest
Depths:1: layout_cave_shapes, hell_entry, rand_demon_pan_entry_1, zin_treasury
Depths:2: hellmonk_ruined_rings, layout_twisted_cross,
          hangedman_tar_grid_catacomb, rand_demon_pan_entry_7,
          hangedman_decor_points, hangedman_glass_teeth
Depths:3: minmay_tri_box, layout_honeycomb, pf_dread_powers_of_hell,
          abyss_entry, serial_sigils, serial_sigils_hangedman_scratch,
          serial_sigils_hangedman_gut, serial_sigils_hangedman_snap,
          serial_sigils_hangedman_stare, serial_sigils_hangedman_writhe,
          serial_sigils_hangedman_shear, dreamdust_wishing_well,
          infiniplex_staircase_zigzag_3, uniq_josephina, uniq_xtahua
Depths:4: grunt_zot_entry_bicorn, layout_cave_pools, enter_ziggurat_a,
          serial_shops, nicolae_shop_competitors_out_of_business,
          abyss_entry_flame_altar, lightli_too_deep, minivault_16,
          nicolae_qazlal_scattered_showers, minmay_shop_star, uniq_sojobo,
          uniq_frederick, uniq_jory
Hell
Zot:1:    kennysheep_ambush_hall, layout_onion_interference,
          nicolae_transporter_circle, uniq_tiamat
Zot:2:    layout_onion_interference
Zot:3:    evilmike_crystal_ball_defense, layout_twisted_circle,
          regret_index_zotdec_glowing_original
Zot:4:    layout_twisted_circle, ebering_ghost_xom, st_small_dragon_hoard_1,
          hellmonk_formless_pools
Zot:5:    layout_gridlike

Skill      XL: |  1  2  3  4  5  6  7  8  9 10 11 12 13 14 15 16 17 18 19 20 21 22 23 24 25 26 27 |
---------------+----------------------------------------------------------------------------------+-----
Armour         | 2 3 4 5 6 7 9 10 11 12 13 14 15 16 17 18 19 20 21 22 23 24 | 24.7
Axes           | 4 5 6 8 10 12 13 15 16 17 18 | 18.0
Fighting       | 4 5 6 7 8 10 11 12 13 14 15 16 17 18 19 20 21 24 | 24.0
Evocations     | 4 8 12 16 18 19 21 22 24 25 26 27 | 27.0
Dodging        | 5 7 9 10 12 13 14 16 17 20 | 20.1
Throwing       | 4 7 10 12 13 | 13.0

Action                     |  1- 3 |  4- 6 |  7- 9 | 10-12 | 13-15 | 16-18 | 19-21 | 22-24 | 25-27 || total
---------------------------+-------+-------+-------+-------+-------+-------+-------+-------+-------++-------
  Melee: Dagger            |    63 |    77 |   129 |       |       |       |       |       |       ||   269
         Hand axe          |    59 |    78 |    89 |   370 |       |       |       |       |       ||   596
         War axe           |       |       |   208 |   398 |    65 |       |       |       |       ||   671
         Morningstar       |       |       |       |     3 |   145 |       |       |       |       ||   148
         Broad axe         |       |       |       |       |   759 |  1156 |  1315 |  1880 |  2993 ||  8103
  Throw: Throwing net      |       |       |       |       |       |       |       |       |     1 ||     1
 Invoke: Berserk           |     1 |     5 |     5 |    12 |     3 |     7 |     9 |     9 |    12 ||    63
         Trog's Hand       |       |     2 |     2 |     4 |     2 |     4 |     5 |     9 |    13 ||    41
         Brothers in Arms  |       |       |       |     1 |       |     3 |     2 |     1 |     4 ||    11
Ability: Invent Gizmo      |       |       |       |       |     1 |       |       |       |       ||     1
         Evoke Invisibilit |       |       |       |       |       |       |       |       |     3 ||     3
  Evoke: Wand              |       |       |       |       |     1 |     2 |     3 |     1 |    23 ||    30
         Phantom mirror    |       |       |       |       |       |     1 |     1 |     1 |     1 ||     4
         Box of beasts     |       |       |       |       |       |       |     1 |       |     1 ||     2
         Lightning rod     |       |       |       |       |       |       |       |       |     2 ||     2
         Horn of Geryon    |       |       |       |       |       |       |       |       |     1 ||     1
    Use: Potion            |     1 |       |     1 |       |       |     3 |     1 |     3 |    15 ||    24
         Scroll            |       |       |     1 |    17 |    17 |    11 |    11 |     4 |    13 ||    74
   Stab: Distracted        |       |       |       |       |       |     1 |       |       |     1 ||     2
         Invisible         |       |       |       |       |       |       |       |       |    17 ||    17
 Armour: Animal skin       |    48 |    24 |       |       |       |       |       |       |       ||    72
         Chain mail        |       |    44 |   204 |   327 |       |       |       |       |       ||   575
         Gold dragon scale |       |       |       |       |   646 |   809 |   918 |  1086 |  1471 ||  4930
  Dodge: Dodged            |    51 |    47 |    88 |   124 |   115 |   240 |   334 |   504 |   934 ||  2437

Table legend: (Time is in decaauts)
 A = Elapsed time spent in this place.
 B = Non-inter-level travel time spent in this place.
 C = Inter-level travel time spent in this place.
 D = Time resting spent in this place.
 E = Time spent auto-exploring this place.
 F = Levels seen in this place.
 G = Mean time per level.
                   A        B        C        D        E       F      G
               +--------+--------+--------+--------+--------+-----+--------+
         Total |  57517 |  53308 |   4209 |   5910 |  34793 |  58 |  991.7 |
       Dungeon |  13065 |  11638 |   1427 |    518 |   8889 |  15 |  871.0 |
          Lair |   5763 |   5007 |    756 |    341 |   3792 |   5 | 1152.6 |
         Swamp |   3164 |   2990 |    174 |     69 |   2242 |   4 |  791.0 |
     Snake Pit |   4436 |   4255 |    181 |    808 |   2469 |   4 | 1109.0 |
  Orcish Mines |   1276 |   1062 |    214 |      1 |    890 |   2 |  638.0 |
   Elven Halls |   3773 |   3453 |    320 |    439 |   2301 |   3 | 1257.7 |
        Vaults |   5222 |   4823 |    399 |    440 |   3402 |   4 | 1305.5 |
         Crypt |   3938 |   3760 |    178 |    358 |   2603 |   3 | 1312.7 |
        Depths |   4595 |   4253 |    342 |    768 |   2794 |   4 | 1148.8 |
          Hell |   1024 |    996 |     28 |    149 |    497 |   1 | 1024.0 |
           Zot |   6614 |   6429 |    185 |   1485 |   3259 |   5 | 1322.8 |
         Abyss |   2233 |   2233 |      0 |     67 |    524 |   4 |  558.2 |
       Ossuary |    155 |    155 |      0 |      0 |    101 |   1 |  155.0 |
      Ice Cave |    935 |    935 |      0 |    107 |    592 |   1 |  935.0 |
        Wizlab |    795 |    795 |      0 |    312 |    296 |   1 |  795.0 |
      Gauntlet |    523 |    523 |      0 |     43 |    138 |   1 |  523.0 |
               +--------+--------+--------+--------+--------+-----+--------+

Top non-repeatable levels by time:
   Zot:5: 2130 daAuts
   Zot:1: 1867 daAuts
 Crypt:3: 1865 daAuts
Vaults:2: 1632 daAuts
  Lair:5: 1491 daAuts
Depths:3: 1443 daAuts
  Lair:3: 1401 daAuts
Depths:4: 1387 daAuts
   Elf:3: 1362 daAuts
    D:13: 1337 daAuts
 Abyss:3: 1292 daAuts
 Snake:4: 1286 daAuts
 Swamp:4: 1281 daAuts
   Elf:2: 1265 daAuts
Vaults:1: 1252 daAuts
